AoeStats
← My name is dopa

Arena

504675656Analyzed
3v3 RM · 27d ago on Sep 6, 2026· 48m 59s· 6 players
Game mode
Random Map
Map size
Normal (6 player)
Population
200
Speed
Normal
Resources
Standard
Victory
Conquest
Starting age
Dark Age
Ending age
Imperial Age
RankedLock teamsTeams togetherTeam positionsShared explorationLock speedFull tech treeHidden civsTurbo modeCheats
Victory
Defeat
🇦🇷 Bohemians · Argentina
1288
+17
🇦🇷 Burgundians · Argentina
1288
+17
🇦🇷 Lithuanians · Argentina
1273
+18
🇺🇸 Bohemians · United States
1385
-20
🇮🇳 Britons · India
1305
-17
🇮🇳 Persians · India
1257
-15
|TheCore| MADKILLER!!!
10:31 Feudal Age
15:14 Castle Age
14:08 Horse Collar
15:06 Double-Bit Axe
17:23 Fervor
18:36 Bow Saw
19:53 Town Watch
19:57 Loom
21:57 Sanctity
22:23 Heavy Plow
23:00 Wheelbarrow
24:55 Hand Cart
30:16 Imperial Age
27:49 Scale Mail Armor
27:59 Forging
27:51 Squires
27:36 Arson
29:41 Chemistry
28:24 Pikeman
29:58 Scale Barding Armor
30:11 Chain Mail Armor
30:31 Iron Casting
30:25 Halberdier
31:37 Plate Mail Armor
31:15 Treadmill Crane
32:52 Two-Man Saw
31:24 Houfnice
33:06 Conscription
34:20 Blast Furnace
34:50 Wagenburg Tactics
36:25 Siege Engineers
35:48 Elite Hussite Wagon
39:08 Fletching
39:49 Guilds
40:10 Coinage
39:40 Caravan
39:45 Town Patrol
44:19 Padded Archer Armor
44:14 Bodkin Arrow
45:23 Leather Archer Armor
47:18 Bracer
|TheCore| Eaglehurst
11:18 Feudal Age
15:45 Castle Age
14:14 Double-Bit Axe
14:11 Horse Collar
17:15 Bow Saw
18:56 Heavy Plow
20:25 Town Watch
21:48 Gold Mining
23:53 Wheelbarrow
24:13 Gold Shaft Mining
25:12 Loom
26:19 Stone Mining
28:03 Hand Cart
27:49 Town Patrol
33:00 Imperial Age
30:51 Bloodlines
30:42 Husbandry
32:40 Cavalier
33:29 Scale Barding Armor
33:46 Conscription
34:08 Forging
34:41 Masonry
34:05 Savar
35:33 Chain Barding Armor
35:49 Iron Casting
36:38 Crop Rotation
37:10 Two-Man Saw
37:46 Plate Barding Armor
38:31 Blast Furnace
38:01 Light Cavalry
38:50 Hussar
40:15 Heavy Camel Rider
41:21 Kamandaran
42:00 Crossbowman
42:45 Thumb Ring
43:42 Fletching
43:54 Padded Archer Armor
44:35 Bodkin Arrow
44:58 Leather Archer Armor
jaykotak2024
9:35 Feudal Age
13:12 Castle Age
11:29 Double-Bit Axe
11:45 Horse Collar
14:22 Bow Saw
21:10 Wheelbarrow
21:21 Heavy Plow
21:20 Loom
22:30 Town Watch
23:00 Gold Mining
25:14 Hand Cart
28:38 Imperial Age
26:36 Stone Mining
27:21 Gold Shaft Mining
26:47 Fletching
27:50 Scale Mail Armor
27:26 Pikeman
28:18 Squires
28:40 Halberdier
28:52 Onager
30:53 Two-Man Saw
30:24 Chain Mail Armor
30:21 Forging
31:47 Siege Engineers
33:41 Plate Mail Armor
34:56 Iron Casting
35:05 Masonry
36:40 Conscription
37:28 Padded Archer Armor
37:57 Bodkin Arrow
37:55 Elite Longbowman
42:03 Bracer
44:52 Elite Longbowman
Shunox
4:39 Double-Bit Axe
11:29 Feudal Age
15:23 Castle Age
14:01 Horse Collar
14:55 Bow Saw
16:03 Wheelbarrow
15:30 Light Cavalry
22:12 Heavy Plow
23:33 Hand Cart
23:31 Gold Mining
29:30 Imperial Age
26:46 Loom
26:47 Town Watch
28:29 Town Patrol
28:21 Cavalier
29:02 Husbandry
29:18 Scale Barding Armor
29:49 Forging
31:14 Chemistry
30:27 Forging
30:38 Chain Barding Armor
30:41 Conscription
31:47 Iron Casting
31:57 Plate Barding Armor
30:50 Paladin
35:53 Padded Archer Armor
37:31 Blast Furnace
David Laid
10:51 Feudal Age
15:40 Castle Age
15:24 Double-Bit Axe
15:21 Horse Collar
19:32 Fervor
25:03 Bow Saw
27:36 Wheelbarrow
29:20 Fortified Wall
30:44 Hand Cart
30:15 Loom
34:17 Imperial Age
33:15 Chemistry
32:24 Fletching
32:27 Elite Skirmisher
33:37 Masonry
39:42 Houfnice
40:25 Pikeman
41:06 Squires
46:38 Two-Man Saw
45:24 Halberdier
49:28 Scale Mail Armor
49:39 Forging
My name is dopa
10:49 Feudal Age
12:00 Double-Bit Axe
14:29 Castle Age
12:20 Double-Bit Axe
12:51 Horse Collar
15:50 Bow Saw
22:17 Wheelbarrow
21:27 Loom
22:16 Loom
24:27 Scale Barding Armor
24:32 Forging
24:44 Stone Mining
24:44 Gold Mining
24:59 Heavy Plow
25:02 Gold Mining
25:04 Stone Mining
28:43 Imperial Age
27:48 Hand Cart
28:32 Chain Barding Armor
28:47 Iron Casting
28:36 Bloodlines
28:27 Husbandry
28:14 Treadmill Crane
28:45 Masonry
28:36 Town Watch
30:04 Plate Barding Armor
30:36 Two-Man Saw
30:00 Conscription
30:11 Crop Rotation
30:21 Stone Shaft Mining
29:46 Elite Leitis
30:42 Fletching
31:16 Ballistics
32:07 Hoardings
32:29 Murder Holes
33:04 Architecture
32:45 Fortified Wall
33:41 Bodkin Arrow
34:51 Chemistry
Connection lost

Rejoining the realm…

Still unreachable

The connection could not be restored.

Session expired

The server has moved on; the page needs a fresh start.